 Dungeon Crawl Stone Soup version 0.22.1-1-ga44c0e5 (webtiles) character file.

43 Fang the Skirmisher (level 3, -3/24 HPs)
             Began as a Gargoyle Berserker on Sept 24, 2018.
             Was a Believer of Trog.
             Slain by Sigmund
             ... wielding a +0 scythe
              (4 damage)
             ... on level 2 of the Dungeon.
             The game lasted 00:01:27 (894 turns).

Fang the Skirmisher (Gargoyle Berserker)             Turns: 894, Time: 00:01:28

Health: -3/24      AC:  8    Str: 21    XL:     3   Next: 58%
Magic:  3/3        EV: 12    Int:  7    God:    Trog [**....]
Gold:   52         SH:  0    Dex:  9    Spells: 2/2 levels left

rFire    . . .     SeeInvis .   a - +0 hand axe
rCold    . . .     Gourm    .   (no shield)
rNeg     + . .     Faith    .   b - +0 animal skin
rPois    ∞         Spirit   .   (no helmet)
rElec    +         Reflect  .   (no cloak)
rCorr    .         Harm     .   h - +2 pair of gloves
MR       .....                  (no boots)
Stlth    +.........             k - amulet of inaccuracy (curse)
HPRegen  0.08/turn              (no ring)
MPRegen  0.08/turn              (no ring)

@: berserk cooldown, slowed, very slow
A: negative energy resistance 1, electricity resistance, unbreathing,
petrification resistance, rot immunity, AC +3
a: Berserk, Trog's Hand, Renounce Religion


You were on level 2 of the Dungeon.
You worshipped Trog.
Trog was pleased with you.
You were very hungry.

You visited 1 branch of the dungeon, and saw 2 of its levels.

You collected 52 gold pieces.

Inventory:

Hand Weapons
 a - a +0 hand axe (weapon)
Armour
 b - a +0 animal skin (worn)
 h - a +2 pair of gloves (worn)
Jewellery
 k - a cursed amulet of inaccuracy (around neck)
Scrolls
 e - a scroll of blinking {unknown}
 f - 4 scrolls of identify {unknown}
 g - 2 scrolls of fear {unknown}
 i - a scroll of enchant weapon {unknown}
 j - a scroll of immolation {unknown}
 m - 2 scrolls of enchant armour {unknown}
 n - 2 scrolls of teleportation {unknown}
Potions
 d - 2 potions of resistance {unknown}
 l - a potion of heal wounds {unknown}
Comestibles
 c - a ration


   Skills:
 + Level 3.9 Fighting
 + Level 3.2 Axes
 + Level 2.3 Armour
 + Level 2.0 Dodging


You had 2 spell levels left.
You didn't know any spells.
Your spell library was empty.

Dungeon Overview and Level Annotations

Branches:
Dungeon (2/15)

Altars:

Annotations:
D:2 Sigmund


Innate Abilities, Weirdness & Mutations

You are resistant to torment.
Your stone body is resilient. (AC +3)
You are immune to poison.
You resist negative energy. (rN+)
You are resistant to electric shocks. (rElec)
You can survive without breathing.
You are immune to petrification.
You are immune to rotting.


Message History

You are exhausted.
You feel yourself slow down. Something hits you but does no damage.
You barely miss something. Something hits you but does no damage.
You barely miss something. Something barely misses you.
You miss something. Something hits you but does no damage.
You hit something. Something hits you!
* * * LOW HITPOINT WARNING * * *
You hit something. Something hits you.
* * * LOW HITPOINT WARNING * * *
You completely miss something.
You hear some strange, mumbled words.
Something tries to affect you, but you resist.
Something barely misses you.
You completely miss something. Something hits you.
* * * LOW HITPOINT WARNING * * *
You miss something. Something hits you but does no damage.
You miss something. Something hits you.
* * * LOW HITPOINT WARNING * * *
You closely miss something. Something hits you.
You die...

#....... ##.......
.........
........#
........## ######
......... ......
.......{###...#
.......@).....####
...$....##........
#.########.##.####
#......# .#
#......# #......#
#......#
########......#
..............#


There were no monsters in sight!

Vanquished Creatures
  A gnoll (D:1)
  An adder (D:2)
  A worm (D:2)
  3 bats
  4 giant cockroaches
  A goblin (D:2)
  4 hobgoblins
  A frilled lizard (D:2)
  3 kobolds
  3 rats
22 creatures vanquished.

Notes
Turn   | Place    | Note
-------+----------+-------------------------------------------
     0 | D:1      | Fang the Gargoyle Berserker began the quest for the Orb.
     0 | D:1      | Reached XP level 1. HP: 14/14 MP: 1/1
    62 | D:1      | Reached XP level 2. HP: 18/19 MP: 2/2
   599 | D:2      | Reached XP level 3. HP: 19/24 MP: 3/3
   857 | D:2      | Reached ** piety under Trog
   862 | D:2      | Noticed Sigmund
   891 | D:2      | HP: 1/24 [something (3)]
   894 | D:2      | Slain by Sigmund

Skill      XL: |  1  2  3 |
---------------+----------+-----
Axes           | 3 |  3.2
Dodging        | 2 |  2.0
Fighting       | |  3.9
Armour         | |  2.3

Action                   || total
-------------------------++-------
Melee: Hand axe          ||   129
Invok: Berserk           ||     1
Armor: Animal skin       ||    71
Dodge: Dodged            ||    76
